 Dungeon Crawl Stone Soup version 0.22.1-1-ga44c0e5 (webtiles) character file.

418 Harpaggios the Cutter (level 6, -2/49 HPs)
             Began as a Naga Enchanter on Oct 19, 2018.
             Slain by a bullfrog (3 damage)
             ... on level 4 of the Dungeon.
             The game lasted 00:24:41 (2799 turns).

Harpaggios the Cutter (Naga Enchanter)              Turns: 2799, Time: 00:24:42

Health: -2/49      AC:  4    Str: 10    XL:     6   Next: 93%
Magic:  0/9        EV: 10    Int: 16    God:
Gold:   186        SH:  0    Dex: 13    Spells: 5/9 levels left

rFire    + . .     SeeInvis +   j - +2 dagger (venom)
rCold    . . .     Gourm    .   (no shield)
rNeg     . . .     Faith    +   m - +1 robe {rF+}
rPois    +         Spirit   .   (no helmet)
rElec    .         Reflect  .   (no cloak)
rCorr    .         Harm     .   (no gloves)
MR       +....                  (no barding)
Stlth    +++.......             c - amulet of faith
HPRegen  0.16/turn              (no ring)
MPRegen  0.11/turn              e - ring of protection from magic

@: short of breath, very slow
A: large, see invisible, deformed body, poison resistance, slowness 2, slow
metabolism 1, spit poison 1, AC +2
a: Spit Poison


You were on level 4 of the Dungeon.
You were very hungry.

You visited 1 branch of the dungeon, and saw 4 of its levels.

You collected 186 gold pieces.

Inventory:

Hand Weapons
 j - a +2 dagger of venom (weapon)
Armour
 m - a +1 robe of fire resistance (worn)
Jewellery
 c - an amulet of faith (around neck)
 e - a ring of protection from magic (right hand)
Scrolls
 f - a scroll of teleportation
 g - a scroll of remove curse
 l - a scroll of fog
Potions
 a - a potion of might
 h - a potion of curing
 i - a potion of flight
Comestibles
 b - 2 chunks of flesh
 d - 6 rations


   Skills:
 * Level 5.7 Short Blades
 - Level 1.5 Dodging
 - Level 4.4 Stealth
 - Level 2.0 Spellcasting
 + Level 4.9 Hexes


You had 5 spell levels left.
You knew the following spells:

 Your Spells              Type           Power        Failure   Level  Hunger
a - Corona                Hex            ###....      2%          1    #......
b - Confuse               Hex            ###.....     9%          3    ###....

Your spell library contained the following spells:

 Spells                   Type           Power        Failure   Level  Hunger
 Slow                     Hex            ###.....     4%          2    ###....
 Tukima's Dance           Hex            ###.....     9%          3    ###....
 Ensorcelled Hibernation  Hex/Ice        #.....       12%         2    ###....
 Magic Dart               Conj           #...         21%         1    #......
 Dazzling Spray           Conj/Hex       #.....       22%         3    ###....
 Blink                    Tloc           N/A          30%         2    ###....
 Call Imp                 Summ           #.......     30%         2    ###....
 Conjure Flame            Conj/Fire      #.......     52%         3    ###....
 Mephitic Cloud           Conj/Pois/Air  #.......     52%         3    ###....


Dungeon Overview and Level Annotations

Branches:
Dungeon (4/15)
 Temple: D:4-7

Altars:
Trog
Xom


Innate Abilities, Weirdness & Mutations

You cannot wear boots.
Your serpentine skin is tough. (AC +2)
You have supernaturally acute eyesight. (SInv)
Armour fits poorly on your strangely shaped body.
Your system is resistant to poisons. (rPois)
You cover ground very slowly.
You have a slow metabolism.
You can spit poison.


Message History

The splash of poison hits the bullfrog.
The bullfrog is poisoned.
The bullfrog is lightly wounded.
You feel slightly more hungry. The bullfrog closely misses you.
The bullfrog hits you but does no damage.
Casting: Confuse (safe; 9% risk of failure)
Confirm with . or Enter, or press ? or * to list all spells.
Aiming: Confuse (safe; 9% risk of failure)
Press: ? - help, Shift-Dir - straight line, f/p - bullfrog
Aim: a bullfrog (lightly wounded, poisoned, chance to defeat MR: 48%)
The bullfrog resists with some effort.
You are feeling very hungry.
The bullfrog barely misses you.
You hit the bullfrog.
The bullfrog looks as sick as possible!
The bullfrog is heavily wounded.
The bullfrog barely misses you. The bullfrog hits you.
* * * LOW HITPOINT WARNING * * *
You hit the bullfrog.
The bullfrog looks as sick as possible!
The bullfrog is severely wounded.
The bullfrog hits you.
You die...

#≈≈≈# #≈≈≈#
##'### #....#
# ##..##
#.#####.##
#...<†...#
.$.....####F.#
.#####. #@.#
#..........#
#.####..####
#. #..# #.
#..# #. #..#
#..# #Z.#


You could see a bullfrog and a leopard gecko skeleton (dormant).

Vanquished Creatures
  The ghost of bloo the Destroyer, an amateur DECj (D:4)
  An iguana (D:4)
  An orc wizard (D:3)
  A worker ant (D:2)
  9 adders
  A river rat (D:4)
  An ooze (D:3)
  3 worms
  A dart slug (D:1)
  4 leopard geckos
  4 orcs (D:3)
  4 bats
  2 giant cockroaches (D:1)
  11 goblins
  17 hobgoblins
  9 jackals
  4 kobolds
  2 quokkas
  A ball python (D:4)
  5 frilled lizards
  9 rats
91 creatures vanquished.

Vanquished Creatures (others)
  A leopard gecko (D:4)
1 creature vanquished.

Grand Total: 92 creatures vanquished

Notes
Turn   | Place    | Note
-------+----------+-------------------------------------------
     0 | D:1      | Harpaggios the Naga Enchanter began the quest for the Orb.
     0 | D:1      | Reached XP level 1. HP: 15/15 MP: 3/3
   137 | D:1      | Reached XP level 2. HP: 21/22 MP: 5/5
   219 | D:1      | Reached skill level 2 in Short Blades
   405 | D:1      | Found a shimmering altar of Xom.
   711 | D:2      | Reached XP level 3. HP: 26/28 MP: 4/6
   905 | D:2      | Reached skill level 3 in Short Blades
   905 | D:2      | Reached XP level 4. HP: 15/36 MP: 7/7
  1713 | D:3      | Reached XP level 5. HP: 38/42 MP: 8/8
  1757 | D:3      | Reached skill level 4 in Short Blades
  2362 | D:3      | Learned a level 3 spell: Confuse
  2431 | D:3      | Found a bloodstained altar of Trog.
  2631 | D:4      | Found a runed door.
  2645 | D:4      | Reached XP level 6. HP: 29/49 MP: 6/9
  2677 | D:4      | Noticed bloo's ghost (amateur DECj)
  2757 | D:4      | Reached skill level 5 in Short Blades
  2776 | D:4      | Killed bloo's ghost
  2798 | D:4      | HP: 1/49 [bullfrog (6)]
  2799 | D:4      | Slain by a bullfrog

Skill      XL: |  1  2  3  4  5  6 |
---------------+-------------------+-----
Short Blades   | 2 3 4 5 |  5.7
Hexes          | 4 |  4.9
Dodging        | |  1.5
Stealth        | |  4.4
Spellcasting   | |  2.0

Action                   |  1- 3 |  4- 6 || total
-------------------------+-------+-------++-------
Melee: Dagger            |    69 |   161 ||   230
 Cast: Corona            |    13 |    28 ||    41
       Confuse           |       |     6 ||     6
 Abil: Spit Poison       |    22 |    47 ||    69
  Use: Scroll            |     2 |     5 ||     7
       Potion            |       |     5 ||     5
 Stab: Sleeping          |       |     2 ||     2
       Confused          |       |     2 ||     2
  Eat: Chunk             |     1 |     8 ||     9
Armor: Robe              |    12 |    24 ||    36
Dodge: Dodged            |    42 |    67 ||   109
